 Dungeon Crawl Stone Soup version 0.31-a0-431-g88bdf31460 (webtiles) character file.

Game seed: 1398507373879972914

104 Newt the Poker (level 4, -8/37 HPs)
             Began as a Merfolk Gladiator on July 31, 2023.
             Was an Initiate of the Shining One.
             Killed by divine providence
             ... invoked by an orc priest
              (12 damage)
             ... on level 3 of the Dungeon.
             The game lasted 00:02:19 (2300 turns).

Newt the Poker (Merfolk Gladiator)                  Turns: 2300, Time: 00:02:20

Health: -8/37      AC:  8    Str: 16      XL:     4   Next: 80%
Magic:  4/4        EV: 12    Int:  6 (7)  God:    the Shining One [......]
Gold:   132        SH:  0    Dex: 15      Spells: 3/3 levels left

rFire   . . .        a - +1 trident
rCold   + . .        (no shield)
rNeg    . . .        n - +1 ring mail {rC+}
rPois   .            c - +0 helmet
rElec   .            k - +0 cloak
rCorr   .            (no gloves)
SInv    +            (no boots)
Will    .....        (no amulet)
Stlth   +            (no ring)
HPRegen 1.06/turn    (no ring)
MPRegen 0.09/turn

%: no passive effects
@: mighty, glowing
A: (nimble swimmer 2), mertail, see invisible, deterioration 1, regeneration 1
a: Renounce Religion


You were on level 3 of the Dungeon.
You worshipped the Shining One.
The Shining One was noncommittal.
You visited 1 branch of the dungeon, and saw 3 of its levels.

You collected 132 gold pieces.

Inventory:

Hand Weapons
 a - a +1 trident (weapon)
Missiles
 d - 3 throwing nets (quivered)
 e - a javelin
Armour
 b - a +0 leather armour
 c - a +0 helmet (worn)
 k - a +0 cloak (worn)
 n - a +1 ring mail of cold resistance (worn)
Jewellery
 h - a ring of wizardry
Wands
 l - a wand of polymorph (8)
Scrolls
 g - a scroll of identify
Potions
 f - a potion of might
 i - a potion of heal wounds
 j - a potion of haste
 m - 2 potions of curing
 o - 2 potions of mutation


   Skills:
 - Level 4.0 Fighting
 + Level 5.8 Polearms
 - Level 2.0 Throwing
 - Level 4.0 Dodging


You had 3 spell levels left.
You didn't know any spells.
Your spell library was empty.

Dungeon Overview and Level Annotations

Branches:
Dungeon (3/15)

Altars:
Vehumet
Zin
The Shining One


Innate Abilities, Weirdness & Mutations

((You are very nimble when in or above water. (Stealth+, EV+, Speed+++)))
Your lower body shifts to a powerful aquatic tail in water.
You have supernaturally acute eyesight. (SInv)
Your body sometimes deteriorates upon taking damage.
Your natural rate of healing is unusually fast.


Message History

The orc wizard is almost dead.
The orc wizard misses the orc wizard.
The orc wizard closely misses you.
The orc priest mumbles some strange prayers to Beogh against you.
The orc wizard struggles to resist.
The orc wizard barely misses the orc wizard.
The orc wizard hits itself with a +0 dagger.
The orc wizard hits you but does no damage.
Unknown command.
Reach: a) +1 trident
Press: ? - help, Dir - move target, f/p - orc priest
Aim: an orc priest, wielding a +0 dagger (about 37% to evade your +1 trident)
The orc wizard is in the way.
You miss the orc wizard.
The orc wizard is severely wounded.
The orc wizard gestures at you while chanting.
You are confused.
Unknown command.
You're too confused to aim your attacks!
Unknown command.
Unknown command.
Unknown command.
You miss the orc wizard.
The orc wizard is severely wounded.
The orc wizard barely misses you.
You puncture the orc wizard!
You kill the orc wizard!
The orc priest looks encouraged for a moment.
You feel your intelligence returning.
You bump into the rock wall.
The orc wizard seems less confused.
The orc priest invokes the aid of Beogh against you.
Beogh smites you!
You bump into the rock wall.
The orc priest invokes the aid of Beogh against you.
Beogh smites you!
* * * LOW HITPOINT WARNING * * *
Your body deteriorates!
You feel dopey.
You bump into the rock wall.
You feel less confused.
The orc priest mumbles some strange prayers to Beogh against you.
Beogh smites you!
You die...

#. #.###8...# #.
#...###### ..
####.# ##
#.##### ##
#.....# ..
#####.## .##
##...## ...##
#.....####......
#.......@oo....#
#.....####.#.#.#
##...## .. #####
##


You could see an orc priest and an orc wizard (invisible).

Vanquished Creatures
  An orc wizard (D:3)
  2 adders (D:3)
  A worm (D:2)
  A dart slug (D:2)
  3 orcs (D:3)
  3 ball pythons
  4 endoplasms
  A giant cockroach (D:2)
  5 goblins
  2 hobgoblins
  6 kobolds
  3 quokkas
  12 bats
  A frilled lizard (D:2)
  4 rats
49 creatures vanquished.

Notes
Turn   | Place    | Note
-------+----------+-------------------------------------------
     0 | D:1      | Newt the Merfolk Gladiator began the quest for the Orb.
     0 | D:1      | Reached XP level 1. HP: 16/16 MP: 1/1
   120 | D:1      | Reached XP level 2. HP: 22/23 MP: 2/2
   786 | D:1      | Reached XP level 3. HP: 30/30 MP: 3/3
  1536 | D:2      | Gained mutation: You have hidden genetic defects. [potion
                  | of mutation]
  1537 | D:2      | Lost mutation: You have hidden genetic defects. [potion of
                  | mutation]
  1537 | D:2      | Gained mutation: Your natural rate of healing is unusually
                  | fast. [potion of mutation]
  1537 | D:2      | Gained mutation: Your body sometimes deteriorates upon
                  | taking damage. [potion of mutation]
  1537 | D:2      | Gained mutation: You have supernaturally acute eyesight.
                  | (SInv) [potion of mutation]
  1928 | D:3      | Found a glowing golden altar of the Shining One.
  1982 | D:3      | Became a worshipper of the Shining One
  1997 | D:3      | Reached XP level 4. HP: 37/37 MP: 4/4
  2039 | D:3      | Found a radiant altar of Vehumet.
  2095 | D:3      | Reached skill level 5 in Polearms
  2235 | D:3      | Found a glowing silver altar of Zin.
  2300 | D:3      | Killed from afar by an orc priest

Illustrated notes

Levels and vault maps discovered:
D:1:      heliophobic_arrival_enchanted_forest, layout_basic, serial_curves,
          eino_curves_02, eino_curves_03, eino_curves_02
D:2:      layout_basic
D:3:      layout_loops_corners, mainiacjoe_overflow_alcove_2,
          mainiacjoe_overflow_catch_the_wave, shapermc_ecumenical_altar_venn

Skill      XL: |  1  2  3  4 |
---------------+-------------+-----
Fighting       | 3 4 |  4.0
Polearms       | 5 |  5.8
Throwing       | |  2.0
Dodging        | |  4.0

Action                     |  1- 3 |  4- 6 || total
---------------------------+-------+-------++-------
  Melee: Trident           |   126 |    41 ||   167
    Use: Scroll            |     9 |       ||     9
         Potion            |     4 |     2 ||     6
   Stab: Sleeping          |     6 |       ||     6
 Armour: Leather armour    |    24 |       ||    24
         Ring mail         |    12 |    10 ||    22
  Dodge: Dodged            |    76 |    11 ||    87

Table legend: (Time is in decaauts)
 A = Elapsed time spent in this place.
 B = Non-inter-level travel time spent in this place.
 C = Inter-level travel time spent in this place.
 D = Time resting spent in this place.
 E = Time spent auto-exploring this place.
 F = Levels seen in this place.
 G = Mean time per level.
                   A        B        C        D        E       F      G
               +--------+--------+--------+--------+--------+-----+--------+
         Total |   2313 |   2184 |    129 |      0 |   1827 |   3 |  771.0 |
       Dungeon |   2313 |   2184 |    129 |      0 |   1827 |   3 |  771.0 |
               +--------+--------+--------+--------+--------+-----+--------+

Top non-repeatable levels by time:
     D:1: 1034 daAuts
     D:2: 834 daAuts
     D:3: 444 daAuts
